 Dungeon Crawl Stone Soup version 0.25-a0-707-g603da076d2 (webtiles) character file.

Game seed: 11276155033174446768, levelgen mode: deterministic

35 Amnesiac the Magician (level 3, -4/19 HPs)
             Began as a Deep Elf Wizard on Apr 5, 2020.
             Slain by a gnoll
             ... wielding a +0 spear
              (7 damage)
             ... on level 2 of the Dungeon.
             The game lasted 00:01:36 (1285 turns).

Amnesiac the Magician (Deep Elf Wizard)             Turns: 1285, Time: 00:01:37

Health: -4/19      AC:  2    Str:  4    XL:     3   Next: 17%
Magic:  6/12       EV: 13    Int: 23    God:
Gold:   20         SH:  0    Dex: 13    Spells: 3/14 levels left

rFire    . . .     SeeInvis .   a - +1 spear (flame)
rCold    . . .     Gourm    .   (no shield)
rNeg     . . .     Faith    .   f - +0 robe
rPois    .         Spirit   .   b - +0 hat
rElec    .         Reflect  .   l - scarf {cloud immunity}
rCorr    .         Harm     .   (no gloves)
MR       .....                  (no boots)
Stlth    ++........             (no amulet)
HPRegen  0.06/turn              (no ring)
MPRegen  0.13/turn              (no ring)

@: no status effects
A: no striking features
a: no special abilities


You were on level 2 of the Dungeon.
You were not hungry.

You visited 1 branch of the dungeon, and saw 2 of its levels.

You collected 20 gold pieces.

Inventory:

Hand Weapons
 a - a +1 spear of flaming (weapon)
Armour
 b - a +0 hat (worn)
 f - a +0 robe (worn)
 l - a scarf of cloud immunity (worn)
Scrolls
 e - a scroll of remove curse {!r, unknown}
 h - a scroll of fear {!r, unknown}
 i - a scroll of teleportation {!r, unknown}
 k - a scroll of noise {!r, unknown}
 n - a scroll of identify {!r, unknown}
Potions
 c - a potion of curing {!q, unknown}
 g - a potion of degeneration {!q, unknown}
 j - a potion of heal wounds {!q, unknown}
 m - a potion of mutation {!q, unknown}
Comestibles
 d - 4 rations
 o - 3 chunks of flesh


   Skills:
 - Level 2.4 Dodging
 - Level 2.4 Stealth
 + Level 6.1 Spellcasting
 - Level 1.1 Conjurations
 - Level 1.1 Summonings
 - Level 1.1 Translocations


You had 3 spell levels left.
You knew the following spells:

 Your Spells              Type           Power        Failure   Level  Hunger
a - Magic Dart            Conj           ##..         5%          1    None
b - Call Imp              Summ           ##......     9%          2    None
e - Mephitic Cloud        Conj/Pois/Air  #.......     22%         3    #......
s - Conjure Flame         Conj/Fire      #.......     21%         3    #......
v - Blink                 Tloc           N/A          9%          2    None

Your spell library contained the following spells:

 Spells                   Type           Power        Failure   Level  Hunger
 Slow                     Hex            #.......     13%         2    None


Dungeon Overview and Level Annotations

Branches:
Dungeon (2/15)

Altars:


Message History

Things that are here:
a +0 dagger; a kobold corpse You butcher the bat corpse.
o - 3 chunks of flesh (gained 1)
You see here a bat skeleton. x2
You see here a bat skeleton.
A gnoll comes into view. It is wielding a +0 spear.
Casting: Magic Dart (safe; 5% risk of failure)
Confirm with . or Enter, or press ? or * to list all spells.
Aiming: Magic Dart (safe; 5% risk of failure)
Press: ? - help, Shift-Dir - straight line, f - gnoll
Aim: a gnoll, wielding a +0 spear (resting)
The magic dart hits the gnoll.
The gnoll is moderately wounded.
The gnoll shouts!
Casting: Magic Dart (safe; 5% risk of failure)
Confirm with . or Enter, or press ? or * to list all spells.
Aiming: Magic Dart (safe; 5% risk of failure)
Press: ? - help, Shift-Dir - straight line, f/p - gnoll
Aim: a gnoll, wielding a +0 spear (moderately wounded)
The magic dart hits the gnoll but does no damage.
The gnoll is moderately wounded.
A gnoll comes into view. It is wielding a +0 club.
A gnoll comes into view. It is wielding a -3 flail.
The gnoll moves out of view.
Casting: Magic Dart (safe; 5% risk of failure)
Confirm with . or Enter, or press ? or * to list all spells.
Aiming: Magic Dart (safe; 5% risk of failure)
Press: ? - help, Shift-Dir - straight line, f/p - gnoll
Aim: a gnoll, wielding a +0 spear (moderately wounded)
The magic dart hits the gnoll.
The gnoll is moderately wounded.
The gnoll hits you from afar with a +0 spear.
Casting: Magic Dart (safe; 5% risk of failure)
Confirm with . or Enter, or press ? or * to list all spells.
A beastly little devil appears in a puff of flame.
The gnoll hits you from afar with a +0 spear.
Casting: Call Imp (safe; 9% risk of failure)
Confirm with . or Enter, or press ? or * to list all spells.
Aiming: Magic Dart (safe; 5% risk of failure)
Press: ? - help, Shift-Dir - straight line, f/p - gnoll
Aim: a gnoll, wielding a +0 spear (moderately wounded)
The magic dart hits the gnoll.
The gnoll is severely wounded.
The gnoll barely misses you.
Casting: Magic Dart (safe; 5% risk of failure)
Confirm with . or Enter, or press ? or * to list all spells.
Aiming: Magic Dart (safe; 5% risk of failure)
Press: ? - help, Shift-Dir - straight line, f/p - gnoll
Aim: a gnoll, wielding a +0 spear (severely wounded)
The magic dart hits the gnoll but does no damage.
The gnoll is severely wounded.
The gnoll hits you from afar with a +0 spear!
Ouch! That really hurt!
* * * LOW HITPOINT WARNING * * *
Casting: Magic Dart (safe; 5% risk of failure)
Confirm with . or Enter, or press ? or * to list all spells.
Aiming: Magic Dart (safe; 5% risk of failure)
Press: ? - help, Shift-Dir - straight line, f/p - gnoll
Aim: a gnoll, wielding a +0 spear (severely wounded)
The magic dart hits the gnoll but does no damage.
The gnoll is severely wounded.
The gnoll hits you from afar with a +0 spear!
You die...

##.#####..#####.##
... #. ##.## ...
####..# ...# ..###.#
...#########.# #.##
...#.......#.# #..#
...#.#####.#.# ##g##
.....÷.# #.#.# ##.5#
....##.# #.#.###@#.#
.#...#.# #...÷...#..#
.#...#.#####)###.##.#
.....#.....#.# #.# .#
###..#####.#.# #.# ..
.............# #..
...
.######...######## ..
.##...........#
.##.#..#...<#.#


You could see a gnoll and a friendly crimson imp.

Vanquished Creatures
  An ooze (D:2)
  A dart slug (D:2)
  4 hobgoblins (D:1)
  2 jackals (D:2)
  5 kobolds
  A quokka (D:2)
  A ball python (D:2)
  4 bats
  A frilled lizard (D:1)
  2 goblins (D:1)
  8 rats
30 creatures vanquished.

Notes
Turn   | Place    | Note
-------+----------+-------------------------------------------
     0 | D:1      | Amnesiac the Deep Elf Wizard began the quest for the Orb.
     0 | D:1      | Reached XP level 1. HP: 10/10 MP: 7/7
   204 | D:1      | Reached skill level 5 in Spellcasting
   246 | D:1      | Reached XP level 2. HP: 5/15 MP: 7/10
   250 | D:1      | Learned a level 2 spell: Blink
   253 | D:1      | Learned a level 2 spell: Call Imp
   971 | D:2      | Reached XP level 3. HP: 15/19 MP: 0/12
   977 | D:2      | Learned a level 3 spell: Conjure Flame
   981 | D:2      | Learned a level 3 spell: Mephitic Cloud
  1074 | D:2      | Reached skill level 6 in Spellcasting
  1144 | D:2      | Noticed a phantom
  1285 | D:2      | Slain by a gnoll

Levels and vault maps discovered:
D:1:      minmay_arrival_widening_spiral_wide, layout_basic, minmay_tetromino_l2
D:2:      minmay_chambers_of_ones, layout_basic

Skill      XL: |  1  2  3 |
---------------+----------+-----
Spellcasting   | 5 6 |  6.1
Dodging        | |  2.4
Stealth        | |  2.4
Conjurations   | |  1.1
Summonings     | |  1.1
Translocations | |  1.1

Action                   || total
-------------------------++-------
Melee: Spear             ||     2
 Cast: Magic Dart        ||    80
       Call Imp          ||     1
  Eat: Chunk             ||     1
Armor: Robe              ||     3
Dodge: Dodged            ||     9

Table legend:
 A = Non-vault XP
 B = Vault XP
 C = Vault XP percentage of total XP
 D = Non-vault monster count
 E = Vault monster count
 F = Vault count percentage of total count
                 A         B        C        D         E       F
            +---------+---------+-------+---------+---------+-------
      Total |      51 |       0 |   0.0 |      30 |       0 |   0.0
            +---------+---------+-------+---------+---------+-------
        D:1 |      28 |       0 |   0.0 |      20 |       0 |   0.0
        D:2 |      23 |       0 |   0.0 |      10 |       0 |   0.0
            +---------+---------+-------+---------+---------+-------
